 Dungeon Crawl Stone Soup version 0.22.1-6-g1668fe2c40 (webtiles) character file.

47 Kohma the Sneak (level 3, -6/16 HPs)
             Began as a Spriggan Enchanter on Jan 21, 2019.
             Mangled by Crazy Yiuf
             ... wielding a +3 quarterstaff of chaos
              (10 damage)
             ... on level 2 of the Dungeon.
             The game lasted 00:08:05 (2704 turns).

Kohma the Sneak (Spriggan Enchanter)                Turns: 2704, Time: 00:08:07

Health: -6/16      AC:  2    Str:  4    XL:     3   Next: 48%
Magic:  3/8        EV: 18    Int: 16    God:
Gold:   83         SH:  0    Dex: 17    Spells: 2/8 levels left

rFire    . . .     SeeInvis +   a - +1 dagger
rCold    . . .     Gourm    .   (shield restricted)
rNeg     . . .     Faith    +   b - +0 robe
rPois    .         Spirit   .   (helmet restricted)
rElec    .         Reflect  .   (no cloak)
rCorr    .         Harm     .   (gloves unavailable)
MR       .....                  (boots unavailable)
Stlth    +++.......             c - amulet of faith
HPRegen  0.05/turn              (no ring)
MPRegen  0.11/turn              (no ring)

@: lethally poisoned (-6 -> -25), very slightly contaminated, drained, very
quick
A: very small, unfitting armour, see invisible, herbivore, speed 3, slow
metabolism 2
a: no special abilities


You were on level 2 of the Dungeon.
You were not hungry.

You visited 1 branch of the dungeon, and saw 2 of its levels.

You collected 83 gold pieces.

Inventory:

Hand Weapons
 a - a +1 dagger (weapon)
 i - a +0 hunting sling
 m - a +0 hunting sling
Missiles
 n - 24 sling bullets
Armour
 b - a +0 robe (worn)
Jewellery
 c - an amulet of faith (around neck)
 f - an uncursed ring of ice {unknown}
 q - a +4 amulet of reflection {unknown}
Scrolls
 e - 2 scrolls of amnesia {unknown}
 g - a scroll of magic mapping {unknown}
 j - 2 scrolls of remove curse {unknown}
 k - a scroll of fear {unknown}
 o - 3 scrolls of identify {unknown}
 s - a scroll of enchant armour {unknown}
Potions
 h - 2 potions of heal wounds
 l - a potion of berserk rage {unknown}
 p - a potion of lignification {unknown}
 r - a potion of mutation {unknown}
 t - a potion of curing {unknown}
Comestibles
 d - 3 rations


   Skills:
 - Level 0.1(0.0) Fighting
 - Level 1.6(1.3) Short Blades
 - Level 3.3(3.0) Dodging
 - Level 5.0(4.7) Stealth
 + Level 3.2(2.9) Spellcasting
 + Level 4.4(4.2) Hexes


You had 2 spell levels left.
You knew the following spells:

 Your Spells              Type           Power        Failure   Level  Hunger
a - Corona                Hex            ###....      3%          1    #......
b - Ensorcelled Hibernat  Hex/Ice        #.....       12%         2    ##.....
c - Confuse               Hex            ###.....     10%         3    ###....

Your spell library contained the following spells:

 Spells                   Type           Power        Failure   Level  Hunger
 Tukima's Dance           Hex            ###.....     10%         3    ###....
 Dazzling Spray           Conj/Hex       #.....       24%         3    ###....


Dungeon Overview and Level Annotations

Branches:
Dungeon (2/15)

Altars:
Hepliaklqana

Annotations:
D:2 Crazy Yiuf


Innate Abilities, Weirdness & Mutations

You are very small and have problems with some larger weapons.
You are too small for most types of armour.
You have supernaturally acute eyesight. (SInv)
You are a herbivore.
You cover ground extremely quickly.
You need to consume almost no food.


Message History

You barely miss Crazy Yiuf.
Crazy Yiuf is almost dead.
Crazy Yiuf says, "Crazy?
Crazy!?
PORCUPINE!"
Crazy Yiuf hits you with a quarterstaff of chaos!
Ouch! That really hurt!
* * * LOW HITPOINT WARNING * * *
You are lethally poisoned!
It was a potion of heal wounds.
You feel much better.
You feel sick.
You hit Crazy Yiuf but do no damage.
Crazy Yiuf is almost dead.
You feel sick.
Crazy Yiuf hits you with a quarterstaff of chaos.
Crazy Yiuf freezes you.
You closely miss Crazy Yiuf.
Crazy Yiuf is almost dead.
* * * LOW HITPOINT WARNING * * *
You feel sick.
Crazy Yiuf hits you with a quarterstaff of chaos!
Ouch! That really hurt!
You die...

...##.#....#
#...##
...##.#....#
#...#
.#####....##
##.##
.....##.###
#.##
####.##.#
##.#
####.##.#
#.##
..##.##.####
##.# ###
#####
#.##.##.)..#
##'## #.#
#...#
#........###
#.@.# #.#
#..<#
.....###.#
#.g.#
#.#####...##
###### #.#
#..)#
#.##........
..# #.#
#####
#...........
..# #.###
#.##........
..#
#...#####
#######...##
..#
####..#.#
#...# ..#
##...# #...#
..# ###...#
#######
###.#


You could see Crazy Yiuf.

Vanquished Creatures
  A worm (D:2)
  A leopard gecko (D:1)
  6 bats
  2 giant cockroaches (D:2)
  6 goblins
  7 hobgoblins
  6 kobolds
  2 quokkas (D:2)
  2 frilled lizards (D:2)
  4 rats
37 creatures vanquished.

Notes
Turn   | Place    | Note
-------+----------+-------------------------------------------
     0 | D:1      | Kohma the Spriggan Enchanter began the quest for the Orb.
     0 | D:1      | Reached XP level 1. HP: 9/9 MP: 5/5
   418 | D:1      | Reached XP level 2. HP: 11/13 MP: 6/6
   422 | D:1      | Learned a level 2 spell: Ensorcelled Hibernation
  1487 | D:1      | Found a hazy altar of Hepliaklqana.
  1744 | D:2      | Reached XP level 3. HP: 16/16 MP: 6/8
  1749 | D:2      | Learned a level 3 spell: Confuse
  1960 | D:2      | Reached skill level 5 in Stealth
  2677 | D:2      | Found a runed door.
  2681 | D:2      | Noticed Crazy Yiuf
  2704 | D:2      | Mangled by Crazy Yiuf

Skill      XL: |  1  2  3 |
---------------+----------+-----
Hexes          | 4 |  4.4
Spellcasting   | 3 |  3.2
Stealth        | 5 |  5.0
Fighting       | |  0.1
Short Blades   | |  1.6
Dodging        | |  3.3

Action                   || total
-------------------------++-------
Melee: Dagger            ||   137
 Cast: Corona            ||     4
       Ensorcelled Hiber ||    28
       Confuse           ||     1
  Use: Potion            ||     1
 Stab: Sleeping          ||    22
  Eat: Ration            ||     1
Armor: Robe              ||    16
Dodge: Dodged            ||   127
